Match 33121187
Unlisted

Match 33121187
End
Kettenkrad Recon Vehicle
Construct Infanterie Kompanie
Selects Mechanized Battlegroup
Grenadier Squad
MG 42 Machine Gun Team
Grenadier Squad
GrW 34 Mortar Team
Grenadier Squad
Selects Mobile Repair Stations
Construct Panzergrenadier Kompanie
Medical Station
Pak 40 Anti-tank Gun Team
Pak 40 Anti-tank Gun Team
Selects Raid Package
Selects StuG Assault Group
StuG Assault Group
Jimbob
♤ 2.WELTherscher
saruman
WoW
LastDate
LordOfWarQ
Bruistablet
Daz
0
0

Comments sign in to comment!

No comments posted yet!